 Dungeon Crawl Stone Soup version 0.26-b1-32-g5d43845318 (webtiles) character file.

Game seed: 4668661387012737378

102988 MajorAdolf the Fighter (level 16, -7/156 HPs)
             Began as a Naga Wanderer on Jan 8, 2021.
             Was an Initiate of Gozag.
             Blown up by an orb spider (33 damage)
             ... with an orb of destruction
             ... on level 1 of the Spider Nest.
             The game lasted 01:16:22 (36820 turns).

MajorAdolf the Fighter (Naga Wanderer)             Turns: 36820, Time: 01:16:22

Health: -7/156     AC: 34    Str: 21    XL:     16   Next: 34%
Magic:  17/17      EV:  9    Int: 11    God:    Gozag
Gold:   1248       SH:  0    Dex: 17    Spells: 17/17 levels left

rFire    + . .     SeeInvis +   N - +8 broad axe (flame)
rCold    + + .     Faith    .   J - +0 kite shield
rNeg     + . .     Spirit   .   M - +2 chain mail {rF+}
rPois    +         Reflect  .   G - +2 helmet of Untruth {Dex+4}
rElec    .         Harm     .   Z - +2 cloak {rC+}
rCorr    .         Rampage  .   V - +1 pair of gloves {archery}
Will     +++..                  s - +4 barding
Stlth    ..........             (no amulet)
HPRegen  0.36/turn              o - ring of willpower
MPRegen  0.15/turn              Q - ring of positive energy

@: confused, very slow
A: large, see invisible, blink, cold resistance 1, deformed body, poison
resistance, slowness 2, spit poison 1, constrict 1, AC +5
a: Spit Poison, Blink, Renounce Religion, Potion Petition, Call Merchant, Bribe
Branch


You were on level 1 of the Spider Nest.
You worshipped Gozag.
Gozag was most pleased with you.
You visited 5 branches of the dungeon, and saw 25 of its levels.
You also visited: Ossuary and Ice Cave.

You collected 8353 gold pieces.
You spent 3559 gold pieces at shops.
You paid 3546 gold pieces to Gozag.

Inventory:

Hand Weapons
 E - the +11 war axe of the Hero {vorpal, +Inv Str+4}
   (You found it on level 5 of the Dungeon)

   It inflicts extra damage upon your enemies.
   It affects your strength (+4).
   It lets you turn invisible.
 N - a +8 broad axe of flaming (weapon)
Missiles
 b - 12 curare-tipped darts
 z - a throwing net
Armour
 s - a +4 barding (worn)
 G - the +2 helmet of Untruth (worn) {Dex+4}
   (You bought it in a shop on level 1 of the Orcish Mines)

   It affects your dexterity (+4).
 J - a +0 kite shield (worn)
 M - a +2 chain mail of fire resistance (worn)
 V - a +1 pair of gloves of archery (worn)
 Y - a scarf of invisibility
 Z - a +2 cloak of cold resistance (worn)
Jewellery
 o - a ring of willpower (left hand)
 v - an uncursed ring of protection from cold
 A - an uncursed ring of resist corrosion
 H - an uncursed ring of wizardry
 K - a +4 ring of evasion
 Q - a ring of positive energy (right hand)
Wands
 e - a wand of acid (36)
 i - a wand of flame (23)
 x - a wand of iceblast (39)
 I - a wand of paralysis (59)
 P - a wand of digging (11)
 U - a wand of disintegration (15)
Scrolls
 a - 3 scrolls of amnesia
 d - 5 scrolls of identify
 f - 3 scrolls of vulnerability
 h - 4 scrolls of fear
 l - 2 scrolls of teleportation
 m - a scroll of holy word
 n - 8 scrolls of magic mapping
 q - 10 scrolls of remove curse
 r - a scroll of fog
 w - 3 scrolls of immolation
 y - 3 scrolls of blinking
 T - a scroll of summoning
Potions
 c - 2 potions of ambrosia
 g - 6 potions of curing
 p - 2 potions of resistance
 t - 2 potions of berserk rage
 u - 5 potions of flight
 B - a potion of invisibility
 C - 2 potions of lignification
 D - 4 potions of haste
 F - 6 potions of might
 L - a potion of cancellation
 O - 3 potions of brilliance
 R - a potion of magic
 W - 2 potions of mutation
Miscellaneous
 X - a tin of tremorstones (2/2)


   Skills:
 + Level 13.0 Fighting
 + Level 12.7 Axes
 + Level 11.1 Armour
 + Level 11.1 Dodging
 - Level 3.0 Stealth
 + Level 5.6 Shields
 - Level 1.0 Spellcasting
 - Level 3.0 Hexes
 - Level 2.0 Fire Magic
 - Level 2.0 Air Magic
 + Level 11.0 Evocations


You had 17 spell levels left.
You didn't know any spells.
Your spell library contained the following spells:

 Spells                   Type           Power        Failure   Level
 Corona                   Hex            7%           77%         1
 Foxfire                  Conj/Fire      8%           95%         1
 Ensorcelled Hibernation  Hex/Ice        6%           98%         2
 Confusing Touch          Hex            7%           98%         3
 Tukima's Dance           Hex            7%           98%         3
 Animate Skeleton         Necr           0%           99%         1
 Apportation              Tloc           0%           99%         1
 Magic Dart               Conj           0%           99%         1
 Pain                     Necr           0%           99%         1
 Summon Small Mammal      Summ           0%           99%         1
 Blink                    Tloc           N/A          99%         2
 Call Imp                 Summ           0%           99%         2
 Searing Ray              Conj           0%           99%         2
 Inner Flame              Hex/Fire       6%           99%         3
 Call Canine Familiar     Summ           0%           100%        3
 Dazzling Flash           Conj/Hex       6%           100%        3
 Gell's Gravitas          Tloc           0%           100%        3
 Ignite Poison            Fire/Tmut/Pois 2%           100%        3
 Lesser Beckoning         Tloc           0%           100%        3
 Summon Guardian Golem    Hex/Summ       3%           100%        3
 Teleport Other           Tloc           0%           100%        3
 Vampiric Draining        Necr           0%           100%        3
 Animate Dead             Necr           0%           100%        4
 Fulminant Prism          Conj/Hex       1%           100%        4
 Iskenderun's Mystic Bla  Conj/Tloc      0%           100%        4
 Passage of Golubria      Tloc           N/A          100%        4
 Summon Ice Beast         Ice/Summ       0%           100%        4
 Summon Lightning Spire   Summ/Air       2%           100%        4
 Agony                    Necr           0%           100%        5
 Fireball                 Conj/Fire      1%           100%        5
 Starburst                Conj/Fire      1%           100%        6
 Ignition                 Fire           2%           100%        8


Dungeon Overview and Level Annotations

Branches:
Dungeon (15/15)            Temple (1/1) D:6            Lair (6/6) D:10
  Swamp (0/4) Lair:3       Spider (1/4) Lair:2        Slime (0/5) Lair:6
    Orc (2/2) D:11            Elf (0/3) Orc:2        Vaults (0/5) D:14
 Depths (0/5) D:15        Ossuary (visited)           IceCv (visited)

Altars:
Ashenzari
Cheibriados
Dithmenos
Elyvilon
Fedhas
Gozag
Kikubaaqudgha
Makhleb
Nemelex Xobeh
Okawaru
Ru
Sif Muna
Trog
Uskayaw
Vehumet
Wu Jian
Xom
Yredelemnul
Zin
The Shining One
Beogh

Shops:
D:11 *   D:12 *   D:13 }   Orc:1 [   Orc:2 ?(*[   Lair:6 *}

Portals:
Trove: D:11 (give 5 potions of resistance)

Annotations:
D:4 Pikel
D:12 3 runed translucent doors, qborf's ghost, journeyman MiBe
Spider:1 Azrael


Innate Abilities, Weirdness & Mutations

You cannot wear boots.
Your serpentine skin is tough. (AC +5)
You have supernaturally acute eyesight. (SInv)
Armour fits poorly on your strangely shaped body.
Your system is resistant to poisons. (rPois)
You cover ground very slowly.
You can spit poison.
You can use your snake-like lower body to constrict enemies.
You can translocate small distances at will.
Your flesh is cold resistant. (rC+)


Message History

The orb spider pulsates with a strange energy.
The jumping spider leaps! x2
Unknown command.
You slash the jumping spider! You burn the jumping spider.
The jumping spider is severely wounded.
The jumping spider leaps! x2; The jumping spider pounces on you.
* * * LOW HITPOINT WARNING * * *
The jumping spider bites you but does no damage.
You bump into the rock wall.
The jumping spider pounces on you but does no damage.
The jumping spider barely misses you.
The jumping spider leaps!
The orb spider weaves a glowing orb of energy.
The orb spider becomes distracted by the nearby gold, dreaming of imaginary riches.
An orb of destruction comes into view.
You slash the jumping spider! You burn the jumping spider.
The jumping spider is almost dead.
The jumping spider pounces on you but does no damage.
The jumping spider bites you but does no damage.
The jumping spider leaps!
The orb of destruction hits you!!
You die...

...... .........*s.
........
......s...|.
........
................#
.......
............ss..#
s.....
.....s......$...
....#
.........s°..s..
...# ...s...........
...#
####...........!..
..##
#@○ss$........○...
###
#.s.s○.........^$.
#.$$$.............
###s.$..........$.
..°#.(............
.$ss...#............
.......#............
......°...$.........
.........##.........


You could see 3 orb spiders and 3 jumping spiders.

Vanquished Creatures
  Saint Roka (Orc:2)
  An orc warlord (Orc:2)
  An emperor scorpion (Spider:1)
  An entropy weaver (Spider:1)
  5 dire elephants (Lair:6)
  The ghost of p0werm0de the Fighter, a journeyman PaCK of Xom (Orc:2)
  A fire dragon (D:10)
  2 ogre magi
  5 hydras
  Erolcha (D:9)
  2 centaur warriors (D:15)
  An anaconda (Lair:6)
  A death knight (D:15)
  8 two-headed ogres
  2 boulder beetles
  2 death yaks (Lair:3)
  2 tengu warriors (D:15)
  2 orc high priests (Orc:2)
  Sonja (Orc:2)
  An unseen horror (D:12)
  A bog body (Lair:3)
  A wizard (D:15)
  A phantasmal warrior (D:15)
  A necromancer (IceCv)
  2 orb spiders (Spider:1)
  A wolf spider zombie (D:14)
  6 orc knights
  9 ugly things
  2 manticores
  4 deep elf magi
  4 orc sorcerers (Orc:2)
  7 wolf spiders
  Maurice (D:9)
  A cyclops (D:15)
  4 elephants (Lair:6)
  An ice statue (IceCv)
  2 naga magi (D:15)
  3 black mambas
  2 gargoyles (D:14)
  13 cane toads
  2 torpor snails
  Maggie (D:7)
  5 kobold demonologists
  5 rime drakes
  A centaur skeleton (D:14)
  13 freezing wraiths
  6 komodo dragons
  A queen bee (Lair:2)
  2 hornets (D:11)
  A meliai (shapeshifter) (D:13)
  5 jumping spiders (Spider:1)
  2 polar bears
  3 trolls
  5 blink frogs
  A meliai zombie (D:13)
  4 slime creatures (D:13)
  2 wraiths
  A shadow (D:11)
  4 wyverns
  A vampire (D:10)
  7 redbacks (Spider:1)
  A spriggan (shapeshifter) (D:13)
  A water elemental (D:14)
  3 tarantellas (Spider:1)
  7 basilisks
  51 yaks
  A death yak simulacrum (IceCv)
  3 vampire mosquitoes (D:13)
  3 swamp worms (Lair:3)
  9 wargs
  19 water moccasins
  A hell hound (Spider:1)
  6 black bears
  A hornet zombie (D:9)
  5 phantoms
  11 ice beasts
  41 orc warriors
  An eye of draining (D:14)
  4 wolves (Lair:2)
  10 ogres
  15 centaurs
  A lemure (D:3)
  3 big kobolds
  2 elf zombies (Ossuary)
  18 bullfrogs
  3 scorpions
  A wyvern skeleton (D:14)
  31 killer bees
  A troll zombie (Ossuary)
  3 howler monkeys
  13 wights
  3 electric eels
  5 centaur zombies
  A lava snake (D:10)
  2 bullfrog zombies
  A draconian simulacrum (IceCv)
  3 hounds
  24 orc priests
  2 jellies (D:7)
  A gnoll shaman (D:9)
  3 bullfrog skeletons
  6 iguanas
  30 orc wizards
  8 worker ants
  4 spriggan simulacra (IceCv)
  6 troll simulacra (IceCv)
  A polar bear simulacrum (IceCv)
  A killer bee zombie (D:9)
  2 wolf simulacra (IceCv)
  An ogre zombie (Ossuary)
  A hound skeleton (D:6)
  8 mummies
  A worker ant zombie (D:5)
  13 gnolls
  4 naga simulacra (IceCv)
  2 river rats (Lair:2)
  6 adders
  A howler monkey skeleton (D:11)
  5 ogre simulacra (IceCv)
  2 shadow imps
  30 white imps
  3 ufetubi
  5 oozes
  2 adder skeletons
  3 adder zombies (Ossuary)
  2 worms
  5 dart slugs
  4 leopard geckos
  95 orcs
  9 bats
  5 giant cockroaches
  A gnoll zombie (Ossuary)
  7 goblins
  13 hobgoblins
  4 jackals
  5 quokkas
  2 frilled lizards
  5 goblin zombies (Ossuary)
  6 hobgoblin zombies
  12 kobolds
  4 kobold zombies (Ossuary)
  3 quokka zombies (Ossuary)
  4 rats
  3 rat zombies (Ossuary)
827 creatures vanquished.

Vanquished Creatures (collateral kills)
  2 wolf spiders (Spider:1)
  An orb spider (Spider:1)
  A demonic crawler (Spider:1)
  2 jumping spiders (Spider:1)
  A tarantella (Spider:1)
7 creatures vanquished.

Vanquished Creatures (others)
  2 dancing weapons (D:14)
  A hell hound (Spider:1)
  3 bushes (Lair:6)
  66 fungi
  162 plants
234 creatures vanquished.

Grand Total: 1068 creatures vanquished

Notes
Turn   | Place    | Note
-------+----------+-------------------------------------------
     0 | D:1      | MajorAdolf the Naga Wanderer began the quest for the Orb.
     0 | D:1      | MajorAdolf set off with the following items: a +0 club, a
                  | +0 robe, a +0 dagger; and the following spells available to
                  | memorise: Corona, Foxfire, Ensorcelled Hibernation, Magic
                  | Dart, Confusing Touch, Tukima's Dance, Inner Flame,
                  | Dazzling Flash
     0 | D:1      | Reached XP level 1. HP: 15/15 MP: 2/2
   116 | D:1      | Reached skill level 1 in Fighting
   553 | D:1      | Reached XP level 2. HP: 25/25 MP: 3/3
  1057 | D:1      | Reached XP level 3. HP: 32/32 MP: 4/4
  1176 | D:1      | Reached skill level 1 in Armour
  1176 | D:1      | Reached skill level 1 in Dodging
  1471 | D:1      | Reached skill level 2 in Fighting
  1712 | D:2      | Reached XP level 4. HP: 23/39 MP: 5/5
  2926 | D:3      | Reached skill level 1 in Axes
  2926 | D:3      | Reached XP level 5. HP: 38/46 MP: 6/6
  3464 | D:4      | Noticed a lemure
  3464 | D:4      | Noticed a lemure
  3503 | D:3      | Killed a lemure
  3709 | D:4      | Noticed a lemure
  3709 | D:4      | Noticed Pikel
  3711 | D:4      | Noticed a lemure
  3758 | D:4      | Found an iron altar of Okawaru.
  3760 | D:4      | Found a burning altar of Makhleb.
  3798 | D:5      | Entered Level 5 of the Dungeon
  3930 | D:5      | Found a sand-covered staircase.
  3947 | D:5      | Reached skill level 3 in Fighting
  3947 | D:5      | Reached XP level 6. HP: 9/56 MP: 7/7
  3949 | Ossuary  | Entered an ossuary
  5191 | Ossuary  | Reached XP level 7. HP: 54/62 MP: 8/8
  5715 | Ossuary  | Reached skill level 4 in Fighting
  6355 | D:5      | Got a glimmering war axe
  6356 | D:5      | Identified the +11 war axe of the Hero {vorpal, +Inv Str+4}
                  | (You found it on level 5 of the Dungeon)
  6496 | D:5      | Reached XP level 8. HP: 36/73 MP: 9/9
  6943 | D:6      | Found a staircase to the Ecumenical Temple.
  6957 | Temple   | Entered the Ecumenical Temple
  7267 | Temple   | Became a worshipper of Gozag Ym Sagoz the Greedy
  7790 | D:6      | Reached skill level 5 in Fighting
  8495 | D:7      | Reached skill level 5 in Axes
  8495 | D:7      | Reached XP level 9. HP: 81/81 MP: 10/10
  8936 | D:7      | Noticed Maggie
  8945 | D:7      | Killed Maggie
  8946 | D:7      | Reached skill level 6 in Fighting
  9117 | D:8      | Reached skill level 5 in Dodging
  9337 | D:8      | Reached skill level 5 in Armour
  9795 | D:9      | Found a white marble altar of Elyvilon.
 10035 | D:9      | Noticed Erolcha
 10040 | D:9      | Killed Erolcha
 10041 | D:9      | Reached skill level 7 in Fighting
 10041 | D:9      | Reached XP level 10. HP: 77/94 MP: 11/11
 10372 | D:9      | Noticed Maurice
 10381 | D:9      | Killed Maurice
 10753 | D:10     | Entered Level 10 of the Dungeon
 10776 | D:10     | Reached skill level 1 in Evocations
 10810 | D:10     | Found a staircase to the Lair.
 10887 | D:10     | Noticed a deep elf mage
 10892 | D:10     | Killed a deep elf mage
 11031 | D:10     | Reached skill level 8 in Fighting
 11399 | D:10     | Reached XP level 11. HP: 95/103 MP: 12/12
 11919 | D:10     | Noticed a fire dragon
 12163 | D:11     | Found a portal to a secret trove of treasure.
 12181 | D:11     | Found a staircase to the Orcish Mines.
 12472 | D:11     | Found Taiseot's General Store.
 12475 | D:11     | Bought a wand of iceblast (8) for 180 gold pieces
 12475 | D:11     | Bought a scroll of enchant armour for 112 gold pieces
 12475 | D:11     | Bought a scroll of enchant armour for 112 gold pieces
 12475 | D:11     | Bought a scarf of invisibility for 180 gold pieces
 12924 | D:11     | Noticed a green ugly thing
 12933 | D:11     | Killed a green ugly thing
 13334 | D:11     | Noticed a white ugly thing
 13342 | D:11     | Killed a white ugly thing
 14331 | D:12     | Found a frozen archway.
 14333 | D:12     | Noticed a two-headed ogre
 14335 | D:12     | Reached skill level 9 in Fighting
 14348 | D:12     | Killed a two-headed ogre
 14357 | IceCv    | Entered an ice cave
 14592 | IceCv    | Reached skill level 5 in Evocations
 14686 | IceCv    | Reached XP level 12. HP: 52/114 MP: 13/13
 15721 | IceCv    | Found an ancient bone altar of Kikubaaqudgha.
 17575 | D:12     | Found a runed translucent gate.
 17577 | D:12     | Found a runed translucent gate.
 17577 | D:12     | Found an opulent altar of Gozag.
 17578 | D:12     | Found a runed translucent gate.
 17579 | D:12     | Noticed qborf's ghost (journeyman MiBe)
 17579 | D:12     | Noticed a death knight
 17580 | D:12     | Noticed a deep troll earth mage
 17582 | D:12     | Found Tintesud's Assorted Antiques.
 17923 | D:13     | Bought a wand of disintegration (8) for 216 gold pieces
 17923 | D:13     | Bought a wand of disintegration (12) for 288 gold pieces
 17923 | D:13     | Bought a wand of iceblast (8) for 216 gold pieces
 17923 | D:13     | Bought a wand of acid (4) for 288 gold pieces
 18375 | D:13     | Noticed a boulder beetle
 18382 | D:13     | Reached skill level 10 in Fighting
 18395 | D:13     | Killed a boulder beetle
 19452 | D:14     | Reached skill level 10 in Axes
 19699 | D:14     | Gained mutation: You can use your snake-like lower body to
                  | constrict enemies. [Naga growth]
 19699 | D:14     | Reached XP level 13. HP: 97/123 MP: 14/14
 19699 | D:14     | Found a gate to the Vaults.
 20244 | D:14     | Gained mutation: Your flesh is cold resistant. (rC+)
                  | [potion of mutation]
 20244 | D:14     | Gained mutation: You can translocate small distances at
                  | will. [potion of mutation]
 21267 | D:15     | Entered Level 15 of the Dungeon
 21693 | D:15     | Found a broken altar of Ashenzari.
 21948 | D:15     | Found a staircase to the Depths.
 21948 | D:15     | Noticed an ogre mage
 21959 | D:15     | Killed an ogre mage
 22327 | D:15     | Reached skill level 11 in Fighting
 22353 | D:15     | Reached XP level 14. HP: 99/135 MP: 15/15
 22612 | D:15     | Reached skill level 1 in Shields
 22889 | D:15     | Found a sacrificial altar of Ru.
 23313 | Lair:1   | Entered Level 1 of the Lair of Beasts
 25079 | Lair:2   | Found a hole to the Spider Nest.
 25789 | Lair:3   | Reached skill level 10 in Dodging
 26209 | Lair:3   | Reached skill level 10 in Armour
 26684 | Lair:3   | Found a staircase to the Swamp.
 28003 | Lair:5   | Reached skill level 12 in Fighting
 28364 | Lair:5   | Reached XP level 15. HP: 144/144 MP: 16/16
 28954 | Lair:6   | Entered Level 6 of the Lair of Beasts
 29004 | Lair:6   | Found a staircase to the Slime Pits.
 30349 | Lair:6   | Bought a wand of acid (11) for 450 gold pieces
 30349 | Lair:6   | Bought a wand of iceblast (9) for 195 gold pieces
 30351 | Lair:6   | Bought a scroll of enchant weapon for 82 gold pieces
 30351 | Lair:6   | Bought a scroll of blinking for 82 gold pieces
 30351 | Lair:6   | Bought a potion of mutation for 88 gold pieces
 30351 | Lair:6   | Bought a scroll of fear for 38 gold pieces
 30431 | Lair:6   | Reached skill level 10 in Evocations
 32054 | Orc:1    | Entered Level 1 of the Orcish Mines
 32324 | Orc:1    | Bought a fine buckler for 275 gold pieces
 32350 | Orc:1    | Identified the +1 buckler of Understanding {Dex+4} (You
                  | bought it in a shop on level 1 of the Orcish Mines)
 32353 | Orc:1    | Bought a slimy helmet for 275 gold pieces
 32364 | Orc:1    | Identified the +2 helmet of Untruth {Dex+4} (You bought it
                  | in a shop on level 1 of the Orcish Mines)
 32369 | Orc:2    | Entered Level 2 of the Orcish Mines
 32379 | Orc:2    | Found a roughly hewn altar of Beogh.
 32382 | Orc:2    | Noticed Sonja
 32385 | Orc:2    | Killed Sonja
 32491 | Orc:2    | Noticed an orc warlord
 32634 | Orc:2    | Noticed Saint Roka
 32964 | Orc:2    | Found a roughly hewn altar of Beogh.
 32995 | Orc:2    | Killed an orc warlord
 33411 | Orc:2    | Killed Saint Roka
 33412 | Orc:2    | Reached skill level 5 in Shields
 33698 | Orc:2    | Found Roask's Antique Weapon Emporium.
 33698 | Orc:2    | Found a roughly hewn altar of Beogh.
 33701 | Orc:2    | Found Tomnorua's Antique Armour Shoppe.
 33813 | Orc:2    | Reached XP level 16. HP: 137/154 MP: 17/17
 33869 | Orc:2    | Found a roughly hewn altar of Beogh.
 33994 | Orc:2    | Found a roughly hewn altar of Beogh.
 34038 | Orc:2    | Found Cumyk's Magic Scroll Emporium.
 34043 | Orc:2    | Bought a scroll of teleportation for 42 gold pieces
 34043 | Orc:2    | Bought a scroll of identify for 28 gold pieces
 34043 | Orc:2    | Bought a scroll of identify for 28 gold pieces
 34043 | Orc:2    | Bought a scroll of enchant weapon for 105 gold pieces
 34043 | Orc:2    | Bought a scroll of identify for 28 gold pieces
 34043 | Orc:2    | Bought a scroll of identify for 28 gold pieces
 34043 | Orc:2    | Bought a scroll of identify for 28 gold pieces
 34132 | Orc:2    | Found a staircase to the Elven Halls.
 34188 | Orc:2    | Found a roughly hewn altar of Beogh.
 34264 | Orc:2    | Found Weimegh's General Store.
 34273 | Orc:2    | Bought a potion of resistance for 100 gold pieces
 34273 | Orc:2    | Bought a scroll of summoning for 95 gold pieces
 34319 | Orc:2    | Found a runed translucent gate.
 34320 | Orc:2    | Found a runed translucent gate.
 34320 | Orc:2    | Noticed p0werm0de's ghost (journeyman PaCK)
 34321 | Orc:2    | Found a runed translucent gate.
 34321 | Orc:2    | Identified the +1 plate armour "Uzxoq" {+Fly}
 34343 | Orc:2    | Found a roughly hewn altar of Beogh.
 34818 | Orc:2    | Killed p0werm0de's ghost
 35109 | Orc:2    | Got a crude hat
 35121 | Orc:2    | Identified the +0 hat of Jesuih {Will+} (You found it on
                  | level 2 of the Orcish Mines)
 35390 | Spider:1 | Entered Level 1 of the Spider Nest
 36778 | Spider:1 | Noticed Azrael
 36779 | Spider:1 | HP: 2/154 [Azrael/damnation (20)]
 36783 | Spider:1 | Reached skill level 13 in Fighting
 36820 | Spider:1 | Blown up by an orb spider

Illustrated notes

Levels and vault maps discovered:
D:1:      psy_arrival_conway, layout_loops_cross
D:2:      layout_basic
D:3:      layout_loops_ring, minivault_14
D:4:      layout_gridville, nicolae_overflow_hidden_temple, xom_confusion_cloud,
          uniq_pikel, uniq_blork_the_orc
D:5:      layout_cave_pods, nicolae_ossuary_entry_giza, nrook_campfire
D:6:      layout_gridville, minmay_temple_entry_mini_moons,
          kennysheep_decorative_pillar, bh_walls_and_bars
D:7:      layout_loops_ring, minmay_misc_feat_cross, uniq_maggie
D:8:      layout_loops_cross
D:9:      layout_rooms, elyvilon_altar_4, uniq_erolcha, uniq_maurice
D:10:     dragon1_lemuel, layout_irregular_city, due_lair_maze_entry_diamond,
          minivault_14
D:11:     layout_grid_maze, david_orc_2, enter_trove_1, serial_shops, shop
D:12:     layout_roguey, portal_ice_cave_entry_imps, ebering_ghost_gozag
D:13:     layout_irregular_city
D:14:     layout_basic, erik_vaults_1, amcnicky_mini_pool_small
D:15:     grunt_enter_depths_magical_seal, layout_small_grid,
          nicolae_ru_the_path_less_chosen, ashenzari_altar_1
Temple:   dpeg_five_rooms_temple
Lair:1:   layout_gridlike
Lair:2:   regret_index_tunnel_blossom, layout_hall_layers,
          spider_nest_entry_rubble
Lair:3:   layout_loops_ring, nicolae_swamp_entry_splash_gauntlet
Lair:4:   layout_cave_pods, st_stairs_5, serial_bayou_shore_a,
          serial_bayou_shore_b
Lair:5:   layout_hall_layers, lemuel_fruit_fields
Lair:6:   due_jungle_book, layout_long_grid, slime_dummy, serial_forest,
          infiniplex_forest_fountain, infiniplex_forest_lined_3,
          infiniplex_forest_end_2, infiniplex_forest_fountain,
          infiniplex_forest_clump_diagonal, infiniplex_forest_lined_ring,
          infiniplex_forest_lined_3_way, infiniplex_forest_lined_room_2,
          infiniplex_forest_straight_1, chequers_serial_rivers_marsh,
          eino_small_chamber_without_monster, serial_bayou_shore_b
Spider:1: layout_spider_delve, uniq_azrael
Orc:1:    layout_caves
Orc:2:    grunt_orc_community_town_hall, layout_diamond_mine,
          grunt_orc_community_big_house_2, grunt_orc_community_big_house_2,
          grunt_orc_community_house_2, grunt_orc_community_house_2,
          grunt_orc_community_house_3, grunt_orc_community_house_3,
          grunt_orc_community_house_2, grunt_orc_community_house_1, basic_altar,
          biasface_ghost_orc_armoury, nicolae_orc_tapped_out, uniq_saint_roka,
          uniq_sonja

Skill      XL: |  1  2  3  4  5  6  7  8  9 10 11 12 13 14 15 16 |
---------------+-------------------------------------------------+-----
Fighting       | 1 2 3 4 5 7 8 9 10 11 12 13 | 13.0
Armour         | 1 2 3 4 5 6 7 8 9 10 11 | 11.1
Dodging        | 1 2 3 4 5 6 7 8 9 10 11 | 11.1
Axes           | 1 2 3 5 6 7 8 10 11 12 | 12.7
Evocations     | 2 5 7 8 9 10 11 | 11.0
Shields        | 3 5 |  5.6
Stealth        | |  3.0
Spellcasting   | |  1.0
Hexes          | |  3.0
Fire Magic     | |  2.0
Air Magic      | |  2.0

Action                   |  1- 3 |  4- 6 |  7- 9 | 10-12 | 13-15 | 16-18 || total
-------------------------+-------+-------+-------+-------+-------+-------++-------
Melee: Dagger            |    33 |       |       |       |       |       ||    33
       Short sword       |    66 |   271 |       |       |       |       ||   337
       Hand axe          |       |    86 |   140 |       |       |       ||   226
       War axe           |       |       |   167 |   558 |   315 |       ||  1040
       Constrict         |       |       |       |       |   183 |    34 ||   217
       Broad axe         |       |       |       |       |   598 |   188 ||   786
Invok: Call Merchant     |       |       |       |     1 |     3 |       ||     4
 Abil: Spit Poison       |    10 |    14 |       |     3 |       |       ||    27
Evoke: Wand              |       |       |       |     5 |    26 |     6 ||    37
       Tin of tremorston |       |       |       |       |     1 |       ||     1
  Use: Scroll            |       |    15 |     4 |    16 |    25 |     7 ||    67
       Potion            |       |     4 |     1 |     4 |     3 |     4 ||    16
 Stab: Sleeping          |       |       |     2 |     7 |       |       ||     9
       Distracted        |       |       |       |     2 |     9 |     2 ||    13
Armor: Robe              |     7 |       |       |       |       |       ||     7
       Chain mail        |    57 |   119 |       |    68 |   627 |   251 ||  1122
       Plate armour      |       |   113 |   201 |       |       |       ||   314
       Skin              |       |    14 |       |       |       |       ||    14
       Acid dragon scale |       |       |    31 |   306 |       |       ||   337
Dodge: Dodged            |    33 |    41 |    62 |   325 |   498 |   106 ||  1065
Block: Buckler           |       |       |       |       |   186 |    31 ||   217
       Kite shield       |       |       |       |       |       |   102 ||   102
